 Seeded DCSS version 0.30-a0-862-g1aabd4f9c5 (webtiles) character file.

Game seed: 7612588474052064957 (custom seed)

28 bmack86 the Shield-Bearer (level 2, -6/27 HPs)
             Began as a Minotaur Fighter on Mar 9, 2023.
             Killed from afar by Sigmund (8 damage)
             ... with a magic dart
             ... on level 2 of the Dungeon.
             The game lasted 00:01:54 (681 turns).

bmack86 the Shield-Bearer (Minotaur Fighter)         Turns: 681, Time: 00:01:54

Health: -6/27      AC:  7    Str: 20    XL:     2   Next: 96%
Magic:  1/1        EV:  9    Int:  5    God:
Gold:   68         SH:  4    Dex:  9    Spells: 1/1 levels left

rFire   . . .      SeeInvis +    a - +0 war axe
rCold   . . .      Faith    .    c - +0 buckler
rNeg    . . .      Spirit   .    b - +0 scale mail
rPois   .          Reflect  .    (helmet restricted)
rElec   .          Rampage  .    (no cloak)
rCorr   .                        (no gloves)
Will    .....                    (no boots) Stlth
                                 (no amulet)
HPRegen 0.24/turn                j - ring of see invisible
MPRegen 0.07/turn                (no ring)

@: no status effects
A: horns 2, retaliatory headbutt
a: no special abilities


You were on level 2 of the Dungeon.
You visited 1 branch of the dungeon, and saw 2 of its levels.

You collected 90 gold pieces.
You spent 22 gold pieces at shops.

Inventory:

Hand Weapons
 a - a +0 war axe (weapon)
Armour
 b - a +0 scale mail (worn)
 c - a +0 buckler (worn)
Jewellery
 j - a ring of see invisible (left hand)
Scrolls
 e - a scroll of fog {unknown}
 f - a scroll of amnesia {unknown}
 i - 3 scrolls of magic mapping {unknown}
 l - a scroll of identify
 m - a scroll of poison {unknown}
Potions
 d - a potion of might
 g - a potion of cancellation {unknown}
 h - a potion of heal wounds {unknown}
 k - a potion of haste {unknown}


   Skills:
 + Level 4.0 Fighting
 * Level 3.2 Axes
 + Level 3.9 Armour
 + Level 4.0 Shields


You had one spell level left.
You didn't know any spells.
Your spell library was empty.

Dungeon Overview and Level Annotations

Branches:
Dungeon (2/15)

Altars:

Shops:
D:1 *

Annotations:
D:2 Sigmund


Innate Abilities, Weirdness & Mutations

You have a pair of horns on your head.
You reflexively headbutt those who attack you in melee.


Message History

You see here a quokka corpse.
Found a leather armour.
You now have 56 gold pieces (gained 12).
HP restored.
Sigmund the Dreaded comes into view.
He is wielding a +0 scythe.
Sigmund shouts!
You see here 12 gold pieces.
You now have 68 gold pieces (gained 12).
Sigmund hits you from afar with a +0 scythe.
You hit Sigmund. Your headbutt misses Sigmund.
Sigmund is lightly wounded.
Sigmund hits you with a +0 scythe.
You hit Sigmund but do no damage.
Sigmund is lightly wounded.
Sigmund hits you with a +0 scythe!
You barely miss Sigmund.
Sigmund is lightly wounded.
Sigmund casts a spell at you.
You are confused.
You barely miss Sigmund.
Sigmund is lightly wounded.
Sigmund hits you with a +0 scythe.
Sigmund points at you and mumbles some strange words.
You resist with significant effort. Sigmund hits you but does no damage.
Sigmund closely misses you.
You slash Sigmund! You headbutt Sigmund.
Sigmund is severely wounded.
Sigmund barely misses you.
You bump into the rock wall.
You're too confused to move!
You feel less confused. Sigmund casts a spell at you.
The puff of flame hits you!
* * * LOW HITPOINT WARNING * * *
You closely miss Sigmund.
Sigmund is severely wounded.
Sigmund gestures at you while chanting. The magic dart hits you!
You die...

##....# #.#
#.#...# #)#
#.....###.#
#.....†...#
#.....#####
..#.....# #
........# .#
####.#..########.#
#.........@@..#
###...[.......#
#############


You could see Sigmund.

Vanquished Creatures
  An adder (D:2)
  2 endoplasms (D:1)
  A hobgoblin (D:1)
  3 jackals (D:1)
  A kobold (D:2)
  3 quokkas
  A frilled lizard (D:2)
  3 goblins (D:1)
  A rat (D:1)
16 creatures vanquished.

Notes
Turn   | Place    | Note
-------+----------+-------------------------------------------
     0 | D:1      | bmack86 the Minotaur Fighter began the quest for the Orb.
     0 | D:1      | Reached XP level 1. HP: 19/19 MP: 0/0
   273 | D:1      | Reached XP level 2. HP: 27/27 MP: 1/1
   299 | D:1      | Found Nanuit's General Store.
   305 | D:1      | Bought a scroll of identify for 22 gold pieces
   666 | D:2      | Noticed Sigmund
   680 | D:2      | HP: 1/27 [Sigmund/puff of flame (9)]
   681 | D:2      | Killed from afar by Sigmund

Illustrated notes

Levels and vault maps discovered:
D:1:      elethiomel_arrival_quiet, layout_loops_ring, serial_shops, shop
D:2:      layout_loops_ring, serial_glass, glass_columns_a, glass_columns_b,
          serial_shops, nicolae_shop_advertising_works
          [nicolae_subvault_shop_adworks], nicolae_shop_trees,
          nicolae_square_shop, shop, serial_bayou_pond_e, uniq_sigmund

Skill      XL: |  1  2 |
---------------+-------+-----
Axes           | 3 |  3.2
Fighting       | 4 |  4.0
Shields        | 4 |  4.0
Armour         | |  3.9

Action                     || total
---------------------------++-------
  Melee: War axe           ||    49
         Headbutt          ||     7
 Armour: Scale mail        ||    22
  Dodge: Dodged            ||    26
  Block: Buckler           ||    12

Table legend: (Time is in decaauts)
 A = Elapsed time spent in this place.
 B = Non-inter-level travel time spent in this place.
 C = Inter-level travel time spent in this place.
 D = Time resting spent in this place.
 E = Time spent auto-exploring this place.
 F = Levels seen in this place.
 G = Mean time per level.
                   A        B        C        D        E       F      G
               +--------+--------+--------+--------+--------+-----+--------+
         Total |    698 |    680 |     18 |      0 |    506 |   2 |  349.0 |
       Dungeon |    698 |    680 |     18 |      0 |    506 |   2 |  349.0 |
               +--------+--------+--------+--------+--------+-----+--------+

Top non-repeatable levels by time:
     D:1: 636 daAuts
     D:2: 62 daAuts
